 Dungeon Crawl Stone Soup version 0.29.1 (webtiles) character file.

Game seed: 419635365568640550

70 nshep25 the Shooter (level 4, -3/34 HPs)
             Began as a Human Hunter on Sept 12, 2022.
             Slain by a gnoll
             ... wielding a +0 halberd
              (5 damage)
             ... on level 4 of the Dungeon.
             The game lasted 00:06:53 (1715 turns).

nshep25 the Shooter (Human Hunter)                  Turns: 1715, Time: 00:06:53

Health: -3/34      AC:  3    Str: 12    XL:     4   Next: 44%
Magic:  4/4        EV: 12    Int:  9    God:
Gold:   56         SH:  0    Dex: 18    Spells: 3/3 levels left

rFire   . . .      SeeInvis .   a - +0 shortbow
rCold   . . .      Faith    .   (shield currently unavailable)
rNeg    . . .      Spirit   .   c - +0 leather armour
rPois   .          Reflect  .   (no helmet)
rElec   .          Harm     .   (no cloak)
rCorr   .          Rampage  .   (no gloves)
Will    .....                   (no boots)
Stlth   ++........              (no amulet)
HPRegen 0.11/turn               (no ring)
MPRegen 0.09/turn               (no ring)

@: no status effects
A: no striking features
a: no special abilities


You were on level 4 of the Dungeon.
You visited 1 branch of the dungeon, and saw 5 of its levels.

You collected 56 gold pieces.

Inventory:

Hand Weapons
 a - a +0 shortbow (weapon)
 d - a +0 dagger
Armour
 c - a +0 leather armour (worn)
 e - a +0 chain mail of fire resistance
Scrolls
 b - a scroll of immolation
Potions
 g - a potion of attraction


   Skills:
 + Level 2.3 Fighting
 + Level 5.2 Ranged Weapons
 + Level 0.4 Armour
 + Level 2.0 Dodging
 + Level 1.3 Stealth


You had 3 spell levels left.
You didn't know any spells.
Your spell library was empty.

Dungeon Overview and Level Annotations

Branches:
Dungeon (5/15)
 Temple: D:4-7

Altars:


Message History

Aim: a jackal (lightly wounded, 58% to hit)
You shoot an arrow. The arrow hits the jackal.
The jackal is heavily wounded.
The jackal barely misses you. The gnoll barely misses you.
The jackal bites you but does no damage.
Fire: a) +0 shortbow
Press: ? - help, Q - select action Shift-Dir - straight line, f/p - jackal
Aim: a jackal (heavily wounded, 58% to hit)
You shoot an arrow. The arrow hits the jackal.
You kill the jackal!
The gnoll closely misses you.
Fire: a) +0 shortbow
Press: ? - help, Q - select action Shift-Dir - straight line, f - gnoll
Aim: a gnoll, wielding a +0 halberd (68% to hit)
You shoot an arrow. The arrow completely misses the gnoll.
The gnoll misses you. The gnoll closely misses you.
Unknown command.
Fire: a) +0 shortbow
Press: ? - help, Q - select action Shift-Dir - straight line, f/p - gnoll
Aim: a gnoll, wielding a +0 halberd (68% to hit)
You shoot an arrow. The arrow hits the gnoll!
The gnoll is heavily wounded.
The gnoll hits you from afar with a +0 halberd!
* * * LOW HITPOINT WARNING * * *
Unknown command.
Fire: a) +0 shortbow
Press: ? - help, Q - select action Shift-Dir - straight line, f/p - gnoll
Aim: a gnoll, wielding a +0 halberd (heavily wounded, 68% to hit)
You shoot an arrow.
The arrow hits the gnoll but does no damage.
The gnoll is heavily wounded.
The gnoll barely misses you.
Fire: a) +0 shortbow
Press: ? - help, Q - select action Shift-Dir - straight line, f/p - gnoll
Aim: a gnoll, wielding a +0 halberd (heavily wounded, 68% to hit)
You shoot an arrow. The arrow hits the gnoll.
The gnoll is almost dead.
You hear a shout!
The gnoll hits you from afar with a +0 halberd.
You die...

. #.........# .# #####
#.........# . ...#
#....#.#### #.
#.###########.#
.#†#####.............#
................>#####
#$............#g#
...###...#####.#.# ..
#...# #.#@# . #...#
#.#.# ##### #.#.#
#.#.# #.#.# #.#.#
#.#.# #.#


You could see a gnoll.

Vanquished Creatures
  A hound (D:4)
  An adder (D:2)
  An ufetubus (D:4)
  A dart slug (D:1)
  4 endoplasms
  2 giant cockroaches (D:1)
  4 goblins
  2 hobgoblins (D:1)
  A jackal (D:4)
  3 bats (D:1)
  3 frilled lizards
  A kobold (D:1)
24 creatures vanquished.

Notes
Turn   | Place    | Note
-------+----------+-------------------------------------------
     0 | D:1      | nshep25 the Human Hunter began the quest for the Orb.
     0 | D:1      | Reached XP level 1. HP: 16/16 MP: 1/1
   134 | D:1      | Reached XP level 2. HP: 22/22 MP: 2/2
   435 | D:1      | Found a faded altar of an unknown god.
   435 | D:1      | Noticed a Brimstone Fiend
   842 | D:2      | Reached XP level 3. HP: 27/27 MP: 3/3
  1683 | D:4      | Reached skill level 5 in Ranged Weapons
  1683 | D:4      | Reached XP level 4. HP: 34/34 MP: 4/4
  1701 | D:5      | Entered Level 5 of the Dungeon
  1713 | D:4      | HP: 1/34 [gnoll/+0 halberd (8)]
  1715 | D:4      | Slain by a gnoll

Illustrated notes

Levels and vault maps discovered:
D:1:      wander_arrival_abandoned_jail, layout_basic,
          dreamdust_ecumenical_altar_sealed_demon
D:2:      layout_basic, serial_shops, nicolae_shop_competitors_out_of_business,
          basic_altar
D:3:      kennysheep_six_static_rooms, layout_basic, elyvilon_altar_4,
          serial_shops, nicolae_shop_competitors_out_of_business, minivault_11
D:4:      layout_basic, serial_shops, nicolae_shop_overgrown_old_shop
D:5:      layout_loops_cross, minmay_misc_feat_pillars

Skill      XL: |  1  2  3 |
---------------+----------+-----
Ranged Weapons | 5 |  5.2
Fighting       | |  2.3
Armour         | |  0.4
Dodging        | |  2.0
Stealth        | |  1.3

Action                   |  1- 3 |  4- 6 || total
-------------------------+-------+-------++-------
 Fire: Shortbow          |    81 |    14 ||    95
  Use: Potion            |     3 |       ||     3
       Scroll            |     2 |       ||     2
Armor: Leather armour    |    15 |    10 ||    25
Dodge: Dodged            |    33 |    31 ||    64
